 Dungeon Crawl Stone Soup version 0.25.0-46-gbd7b085 (webtiles) character file.

Game seed: 4633462206521175705

72 Billymom2 the Firebug (level 4, 0/35 HPs)
             Began as a Hill Orc Fire Elementalist on July 13, 2020.
             Slain by a leopard gecko (3 damage)
             ... on level 3 of the Dungeon.
             The game lasted 00:12:57 (3060 turns).

Billymom2 the Firebug (Hill Orc Fire Elementalist)  Turns: 3060, Time: 00:12:57

Health: 0/35       AC:  2    Str: 10    XL:     4   Next: 25%
Magic:  2/7        EV: 12    Int: 16    God:
Gold:   48         SH:  0    Dex: 11    Spells: 0/7 levels left

rFire    . . .     SeeInvis .   f - +0 hand axe
rCold    . . .     Gourm    .   (no shield)
rNeg     . . .     Faith    .   a - +0 robe
rPois    .         Spirit   .   (no helmet)
rElec    .         Reflect  .   (no cloak)
rCorr    .         Harm     .   (no gloves)
MR       .....                  (no boots)
Stlth    ++........             b - amulet of regeneration
HPRegen  0.51/turn              (no ring)
MPRegen  0.10/turn              (no ring)

@: no status effects
A: no striking features
a: no special abilities


You were on level 3 of the Dungeon.
You were hungry.

You visited 1 branch of the dungeon, and saw 3 of its levels.

You collected 48 gold pieces.

Inventory:

Hand Weapons
 f - a +0 hand axe (weapon)
Armour
 a - a +0 robe (worn)
 g - a +0 plate armour
Jewellery
 b - an amulet of regeneration (around neck)
Scrolls
 d - a scroll of identify
 e - a scroll of teleportation
Potions
 c - a potion of curing
Comestibles
 h - a ration


   Skills:
 + Level 1.1 Fighting
 + Level 0.3(0.6) Axes
   Level 0.5(0.6) Maces & Flails
 - Level 1.7 Dodging
 - Level 1.7 Stealth
 + Level 2.0 Spellcasting
 + Level 1.8 Conjurations
 + Level 4.1 Fire Magic


You couldn't memorise any spells.
You knew the following spells:

 Your Spells              Type           Power        Failure   Level  Hunger
a - Foxfire               Conj/Fire      ##..         6%          1    #......
b - Conjure Flame         Conj/Fire      ##......     19%         3    ###....
c - Inner Flame           Hex/Fire       #.......     26%         3    ###....

Your spell library contained the following spells:

 Spells                   Type           Power        Failure   Level  Hunger
 Sticky Flame             Conj/Fire      ##......     52%         4    #####..
 Fireball                 Conj/Fire      ##........   86%         5    ######.


Dungeon Overview and Level Annotations

Branches:
Dungeon (3/15)

Altars:
Okawaru


Message History

The quokka is heavily wounded.
You barely miss the leopard gecko. You barely miss the adder.
The adder closely misses you. The leopard gecko misses you.
The adder bites you. The quokka closely misses you.
You barely miss the quokka.
The quokka is heavily wounded.
You barely miss the leopard gecko. You barely miss the adder.
The adder bites you. The leopard gecko closely misses you.
The quokka barely misses you. The adder barely misses you.
The leopard gecko bites you.
* * * LOW HITPOINT WARNING * * *
The quokka bites you.
* * * LOW HITPOINT WARNING * * *
You barely miss the quokka.
The quokka is heavily wounded.
You completely miss the adder. You closely miss the leopard gecko.
You feel sick.
You are no longer poisoned.
The adder barely misses you. The leopard gecko bites you.
You die...

##.# #######.##### #.
#.........# #.
#.###..#..# #+
#.###.###.## ## ...
#.##....#..# .. ....
#.###.#.#.## .. .....
#.##.#....# ..
......##l#...#.#.#####..
....<)r@Sg........g...^.
.....!####...#.#######.#
..... ##.#...# .. ....
####.## .# ... #.# .# #+
#.# .# #.# .. #.# ## #.#


You could see an adder, a leopard gecko, a quokka and a goblin.

Vanquished Creatures
  An ooze (D:1)
  3 worms (D:2)
  2 dart slugs (D:2)
  A leopard gecko (D:1)
  An orc (D:2)
  2 ball pythons
  A giant cockroach (D:2)
  8 goblins
  7 hobgoblins
  6 jackals
  4 kobolds
  5 bats
  2 frilled lizards (D:2)
  7 rats
50 creatures vanquished.

Vanquished Creatures (collateral kills)
  A ball python (D:2)
1 creature vanquished.

Vanquished Creatures (others)
  95 foxfires
95 creatures vanquished.

Grand Total: 146 creatures vanquished

Notes
Turn   | Place    | Note
-------+----------+-------------------------------------------
     0 | D:1      | Billymom2 the Hill Orc Fire Elementalist began the quest
                  | for the Orb.
     0 | D:1      | Reached XP level 1. HP: 14/14 MP: 3/3
   416 | D:1      | Reached XP level 2. HP: 20/20 MP: 0/4
   962 | D:1      | Reached XP level 3. HP: 9/27 MP: 2/5
  1585 | D:2      | Found an iron altar of Okawaru.
  1705 | D:2      | Reached skill level 1 in Fighting
  2269 | D:2      | Reached skill level 4 in Fire Magic
  2428 | D:2      | Reached XP level 4. HP: 29/35 MP: 3/7
  2554 | D:2      | Learned a level 3 spell: Conjure Flame
  2558 | D:2      | Learned a level 3 spell: Inner Flame
  3060 | D:3      | Slain by a leopard gecko

Illustrated notes

Levels and vault maps discovered:
D:1:      ncdulo_smallfort, layout_loops_corners
D:2:      layout_loops_corners, okawaru_altar_gauntlet_db, kennysheep_path_1,
          serial_bayou_ford_a, minmay_vboxes
D:3:      layout_loops_corners, old_standard_altar, corexii_leaking_fountain

Skill      XL: |  1  2  3 |
---------------+----------+-----
Fighting       | 1 |  1.1
Spellcasting   | 2 |  2.0
Fire Magic     | 4 |  4.1
Axes           | |  0.3
Maces & Flails | |  0.5
Dodging        | |  1.7
Stealth        | |  1.7
Conjurations   | |  1.8

Action                   |  1- 3 |  4- 6 || total
-------------------------+-------+-------++-------
Melee: Unarmed           |     3 |       ||     3
       Club              |    20 |       ||    20
       Hand axe          |    22 |    33 ||    55
 Cast: Foxfire           |    74 |     9 ||    83
       Conjure Flame     |       |     4 ||     4
  Use: Scroll            |     4 |       ||     4
       Potion            |     1 |     2 ||     3
  Eat: Chunk             |     5 |       ||     5
       Ration            |     1 |       ||     1
Armor: Robe              |    23 |     7 ||    30
Dodge: Dodged            |   113 |    47 ||   160
